 Dungeon Crawl Stone Soup version 0.31-a0-180-g519b7de00c (webtiles) character file.

Game seed: 9024993188141965931

7926 Ijustatesigmund the Tainter (level 11, -17/69 HPs)
             Began as an Octopode Venom Mage on June 20, 2023.
             Was a Believer of Cheibriados.
             Demolished by a shadow (28 damage)
             ... on level 9 of the Dungeon.
             The game lasted 00:29:37 (12889 turns).

Ijustatesigmund the Tainter (Octopode Venom Mage)  Turns: 12889, Time: 00:29:39

Health: -17/69     AC:  5    Str: 14    XL:     11   Next: 22%
Magic:  21/30      EV: 18    Int: 29    God:    Cheibriados [**....]
Gold:   623        SH:  0    Dex: 19    Spells: 11/23 levels left

rFire   . . .        c - staff of Yeast {rElec rPois rC+ rN+ Str-4 Poison}
rCold   + . .        (no shield)
rNeg    + . .        h - +0 hat "Neyxt" {Int+3}
rPois   +            (no amulet)
rElec   +            f - ring of resist corrosion
rCorr   +            j - ring of Incredulity {rPois MP+9 Str+6}
SInv    .            p - ring of wizardry
Will    .....        g - +5 ring of evasion
Stlth   +++          k - ring of wizardry
HPRegen 0.31/turn    s - +4 ring of protection
MPRegen 0.22/turn    (no ring)
                     (no ring)

%: wizardry (x2)
@: very slow
A: almost no armour, amphibious, 8 rings, camouflage 1, gelatinous body 1,
(nimble swimmer 1), tentacles
a: Renounce Religion, Bend Time


You were on level 9 of the Dungeon.
You worshipped Cheibriados.
Cheibriados was pleased with you.
You visited 2 branches of the dungeon, and saw 11 of its levels.

You collected 623 gold pieces.

Inventory:

Missiles
 b - a throwing net
Armour
 h - the +0 hat "Neyxt" (worn) {Int+3}
   (You acquired it on level 2 of the Dungeon)

   Int:       It affects your intelligence (+3).
Magical Staves
 c - the staff of Yeast (weapon) {rElec rPois rC+ rN+ Str-4 Poison}
   (You acquired it on level 4 of the Dungeon)

   [staff of poison]

   Base accuracy: +5 Base damage: 5 Base attack delay: 1.2 This weapon's minimum
   attack delay (0.6) is reached at skill level 12.
   Str:       It affects your strength (-4).
   rC:        It protects you from cold.
   rElec:     It insulates you from electricity.
   rPois:     It protects you from poison.
   rN:        It protects you from negative energy.
   Poison:    It increases the power of your Poison spells.
   It falls into the 'Staves' category.
   It is a one-tentacled weapon.
Jewellery
 f - a ring of resist corrosion (left tentacle)
 g - a +5 ring of evasion (on tentacle)
 j - the ring of Incredulity (right tentacle) {rPois MP+9 Str+6}
   (You acquired it on level 2 of the Dungeon)

   [ring of strength]

   Str:       It affects your strength (+6).
   rPois:     It protects you from poison.
   MP:        It affects your magic capacity (+9).
 k - a ring of wizardry (on tentacle)
 p - a ring of wizardry (on tentacle)
 s - a +4 ring of protection (on tentacle)
 t - the ring of the Hare {EV+10}
   (You found it on level 8 of the Dungeon)

   [ring of evasion]

   EV:        It affects your evasion (+10).
Wands
 d - a wand of paralysis (10)
 l - a wand of mindburst (6)
 q - a wand of digging (9)
Scrolls
 e - a scroll of poison
 u - a scroll of silence
 w - a scroll of enchant weapon
Potions
 a - 2 potions of magic
 i - a potion of curing
 m - a potion of cancellation
 o - a potion of attraction
 r - a potion of haste {unknown}
 v - 2 potions of degeneration {unknown}


   Skills:
 - Level 4.1 Fighting
 + Level 4.4 Staves
 - Level 2.0 Dodging
 - Level 2.6 Stealth
 + Level 6.6 Spellcasting
 + Level 6.6 Conjurations
 - Level 3.6 Translocations
 - Level 1.0 Transmutations
 + Level 6.6 Air Magic
 + Level 10.1 Poison Magic
 + Level 4.6 Invocations
 - Level 3.9 Evocations


You had 11 spell levels left.
You knew the following spells:

 Your Spells              Type           Power      Damage    Failure   Level
a - Sting                 Tmut/Pois      100%       1d8       1%          1
b - Poisonous Vapours     Pois/Air       100%       N/A       1%          2
c - Mephitic Cloud        Conj/Pois/Air  70%        N/A       1%          3
d - Olgreb's Toxic Radia  Pois           80%        N/A       1%          4
e - Blink                 Tloc           60%        N/A       1%          2

Your spell library contained the following spells:

 Spells                   Type           Power      Damage    Failure   Level
 Manifold Assault         Tloc           30%        N/A       3%          4
 Ozocubu's Armour         Ice            9%         N/A       4%          3
 Summon Forest            Summ/Tloc      10%        N/A       17%         5
 Summon Mana Viper        Hex/Summ       9%         N/A       34%         5
 Summon Cactus Giant      Summ           4%         N/A       86%         6
 Storm Form               Tmut/Air       16%        N/A       89%         7
 Maxwell's Capacitive Co  Air            24%        ∞         99%         8
 Ozocubu's Refrigeration  Ice            4%         4d8       100%        7


Dungeon Overview and Level Annotations

Branches:
Dungeon (10/15)            Temple (1/1) D:7            Lair (0/5) D:10
    Orc: D:9-12

Altars:
Ashenzari
Cheibriados
Dithmenos
Elyvilon
Fedhas
Gozag
Hepliaklqana
Makhleb
Nemelex Xobeh
Okawaru
Qazlal
Ru
Sif Muna
Trog
Uskayaw
Vehumet
Wu Jian
Xom
Yredelemnul
Zin
The Shining One

Shops:
D:9 *


Innate Abilities, Weirdness & Mutations

You cannot wear most types of armour.
You are amphibious.
You can wear up to eight rings at the same time.
Your skin changes colour to match your surroundings (Stealth+).
Your rubbery body absorbs attacks. (AC +1, EV +1)
((You are camouflaged when in or above water. (Stealth+)))
You have tentacles for arms and can constrict up to eight enemies at once.


Message History

Prince Ribbit is poisoned.
The steam dragon hisses angrily.
The steam dragon breathes steam at you. The ball of steam misses you.
Prince Ribbit barely misses you.
You hit Prince Ribbit.
You envenom Prince Ribbit!
Prince Ribbit looks as sick as possible!
You grab Prince Ribbit.
Prince Ribbit is severely wounded.
You constrict Prince Ribbit.
Prince Ribbit seems less confused.
Prince Ribbit hits you!
You hit Prince Ribbit. You squeeze Prince Ribbit!
You kill Prince Ribbit!
Cheibriados thoroughly appreciates the change of pace.
A shadow comes into view.
The shadow slips into darkness.
The shadow flickers and vanishes!
Deactivating autopickup; reactivate with Ctrl-A.
The steam dragon barely misses you. The steam dragon claws you.
You hit the steam dragon but do no damage.
You envenom the steam dragon!
The steam dragon is poisoned.
The steam dragon is heavily wounded.
The steam dragon bites you. The steam dragon barely misses you.
You closely miss the steam dragon.
The steam dragon is heavily wounded.
The steam dragon breathes steam at you. The ball of steam hits you!
You are too injured to fight recklessly!
You hit the steam dragon but do no damage.
The steam dragon is heavily wounded.
You are engulfed in a cloud of scalding steam.
The steam dragon completely misses you. The steam dragon claws you.
You hit the steam dragon but do no damage.
You envenom the steam dragon!
The steam dragon looks even sicker.
The steam dragon is almost dead.
The steam dragon breathes steam at you. The ball of steam hits you!!
* * * LOW HITPOINT WARNING * * *
The shadow strikes at you from the darkness!
You die...

.......#.......#...#...
.......#.......#... ...
.......#.......#.. #...
###.....###.....###....
...#.......#...........
...#.......#....).)....#
...#.......#.....).....#
###.)...###....§###.....
.......#.......#@§.#
..)....#.......#D§.#
)......#.....§.#...#
.)..###.....###.....#
...#.......#. .......
... ....... . .........
... ....... . .........#
...### ...###..... .# #.


You could see a steam dragon (very poisoned, catching breath).

Vanquished Creatures
  2 two-headed ogres (D:9)
  An ugly thing (D:9)
  A moth of wrath (D:7)
  A hornet (D:6)
  Prince Ribbit (D:9)
  Sigmund (D:3)
  A shadow (D:9)
  9 yaks
  A steam dragon (D:8)
  Menkaure (D:6)
  Edmund (D:5)
  A water moccasin (D:5)
  2 black bears
  2 orc warriors
  An ice beast (D:7)
  A sky beast (D:7)
  3 ogres
  A centaur (D:6)
  2 phantoms (D:5)
  7 kobold brigands
  Blork the orc (D:6)
  A bullfrog (D:7)
  A scorpion (D:5)
  A gnoll sergeant (D:9)
  9 wights
  A killer bee (D:5)
  4 crimson imps (D:4)
  A howler monkey (D:5)
  A gnoll bouda (D:3)
  A jelly (D:4)
  An orc priest (D:7)
  5 hounds
  6 iguanas
  A sleepcap (D:7)
  6 orc wizards
  19 gnolls
  13 adders
  A shadow imp (D:5)
  A white imp (D:6)
  2 ufetubi
  6 worms
  3 dart slugs
  13 orcs
  10 ball pythons
  8 bats
  5 endoplasms
  3 giant cockroaches
  9 goblins
  11 hobgoblins
  9 jackals
  5 quokkas
  6 frilled lizards
  40 kobolds
  9 rats
253 creatures vanquished.

Notes
Turn   | Place    | Note
-------+----------+-------------------------------------------
     0 | D:1      | Ijustatesigmund the Octopode Venom Mage began the quest for
                  | the Orb.
     0 | D:1      | Reached XP level 1. HP: 11/11 MP: 3/3
    98 | D:1      | Reached XP level 2. HP: 14/18 MP: 5/5
   101 | D:1      | Learned a level 2 spell: Poisonous Vapours
   194 | D:1      | Reached skill level 1 in Fighting
   194 | D:1      | Reached skill level 4 in Poison Magic
   531 | D:1      | Reached XP level 3. HP: 23/23 MP: 1/6
   535 | D:1      | Learned a level 3 spell: Mephitic Cloud
  1460 | D:2      | Reached XP level 4. HP: 25/28 MP: 1/7
  1564 | D:2      | Found a faded altar of an unknown god.
  1578 | D:2      | Identified 2 scrolls of acquirement
  1578 | D:2      | Acquired the ring of Incredulity {rPois MP+9 Str+6}
  1643 | D:2      | Acquired the +0 hat "Neyxt" {Int+3}
  2078 | D:2      | Reached skill level 1 in Conjurations
  2078 | D:2      | Reached skill level 1 in Air Magic
  2917 | D:2      | Reached XP level 5. HP: 18/33 MP: 9/9
  3704 | D:3      | Found an opulent altar of Gozag.
  3704 | D:3      | Found a sparkling altar of Nemelex Xobeh.
  3704 | D:3      | Noticed Sigmund
  3717 | D:3      | Killed Sigmund
  3718 | D:3      | Reached skill level 5 in Poison Magic
  3718 | D:3      | Reached XP level 6. HP: 38/38 MP: 4/11
  3727 | D:3      | Learned a level 4 spell: Olgreb's Toxic Radiance
  4065 | D:4      | Acquired the staff of Yeast {rElec rPois rC+ rN+ Str-4
                  | Poison}
  4170 | D:4      | Reached XP level 7. HP: 39/43 MP: 6/12
  4639 | D:4      | Reached skill level 1 in Evocations
  5009 | D:4      | Found a shimmering altar of Xom.
  5166 | D:5      | Entered Level 5 of the Dungeon
  5180 | D:5      | Found a glowing silver altar of Zin.
  5245 | D:5      | Found a broken altar of Ashenzari.
  5591 | D:5      | Reached skill level 6 in Poison Magic
  5679 | D:5      | Reached XP level 8. HP: 48/51 MP: 14/14
  5962 | D:5      | Learned a level 2 spell: Blink
  6003 | D:5      | Reached skill level 1 in Translocations
  6135 | D:5      | Reached skill level 7 in Poison Magic
  6572 | D:5      | HP: 2/47 [wight/+4 hand axe (3)]
  7077 | D:5      | Noticed Edmund
  7085 | D:5      | Killed Edmund
  7339 | D:5      | Found a hide-covered altar of Uskayaw.
  7339 | D:5      | Noticed a +0 short sword
  7340 | D:5      | Noticed a +0 short sword
  7340 | D:5      | Noticed a +0 spear
  7385 | D:5      | Noticed a +0 spear
  7387 | D:5      | Noticed a +0 dagger
  7387 | D:5      | Noticed a +0 falchion
  7388 | D:5      | Noticed a +0 dagger
  7388 | D:5      | Noticed a +0 falchion
  7524 | D:5      | Reached XP level 9. HP: 56/56 MP: 15/15
  7631 | D:5      | Reached skill level 8 in Poison Magic
  8340 | D:6      | Noticed Menkaure
  8354 | D:6      | Killed Menkaure
  8407 | D:6      | Noticed Blork the orc
  8418 | D:6      | Killed Blork the orc
  8480 | D:6      | Found a white marble altar of Elyvilon.
  8668 | D:6      | Reached skill level 5 in Spellcasting
  9009 | D:7      | Noticed a hornet
  9015 | D:6      | Killed a hornet
  9403 | D:7      | Found a radiant altar of Vehumet.
  9457 | D:7      | Found a staircase to the Ecumenical Temple.
  9471 | Temple   | Entered the Ecumenical Temple
  9677 | Temple   | Became a worshipper of Cheibriados the Contemplative
  9755 | D:7      | Noticed a moth of wrath
  9771 | D:7      | Killed a moth of wrath
  9772 | D:7      | Reached skill level 1 in Staves
  9772 | D:7      | Reached skill level 5 in Conjurations
  9772 | D:7      | Reached skill level 5 in Air Magic
  9772 | D:7      | Reached skill level 1 in Invocations
  9775 | D:7      | Found a bloodstained altar of Trog.
  9911 | D:7      | Reached XP level 10. HP: 56/63 MP: 18/18
 10086 | D:7      | Reached skill level 9 in Poison Magic
 10417 | D:8      | Reached * piety under Cheibriados
 10593 | D:8      | Found the ring of the Hare {EV+10}
 11780 | D:9      | Noticed a two-headed ogre
 11788 | D:9      | Killed a two-headed ogre
 11792 | D:9      | Noticed a green ugly thing
 11798 | D:10     | Entered Level 10 of the Dungeon
 11798 | D:10     | Noticed a death yak
 11798 | D:10     | Noticed a death yak
 11798 | D:10     | Found a staircase to the Lair.
 11815 | D:9      | Killed a green ugly thing
 11909 | D:9      | Reached XP level 11. HP: 44/69 MP: 20/20
 11930 | D:9      | Noticed a two-headed ogre
 11939 | D:9      | Killed a two-headed ogre
 11940 | D:9      | Reached skill level 10 in Poison Magic
 12077 | D:9      | Reached ** piety under Cheibriados
 12419 | D:9      | Found a shimmering blue altar of Sif Muna.
 12482 | D:9      | Found Ago Puyg's Demolitions Depot.
 12872 | D:9      | Noticed Prince Ribbit
 12884 | D:9      | Killed Prince Ribbit
 12889 | D:9      | Demolished by a shadow

Illustrated notes

Levels and vault maps discovered:
D:1:      amcnicky_arrival_flooded_fountain, layout_rooms
D:2:      layout_loops_corners, hellmonk_ecumenical_altar_arch_garden
D:3:      layout_basic, grunt_temple_overflow_opulence,
          minmay_fractal_squares_gapless_5, uniq_sigmund
D:4:      kb_forest_paths, layout_basic, led_xom_imps
D:5:      cheibrodos_barr_body, layout_loops_ring, zin_academy,
          cheibrodos_ashenzari_chains, nicolae_uskayaw_en_pointe,
          minmay_statues_item, uniq_edmund
D:6:      layout_basic, nicolae_elyvilon_temple_path, minmay_tree_intersection,
          minmay_gold_behind_fungi, uniq_menkaure, uniq_blork_the_orc
D:7:      layout_cave_pools, tgw_trog, marbit_many_paths,
          minmay_temple_entry_mini_moons
D:8:      layout_loops_corners
D:9:      nicolae_hitomezashi [nicolae_hito_row, nicolae_hito_row,
          nicolae_hito_row, nicolae_hito_row, nicolae_hito_row,
          nicolae_hito_row, nicolae_hito_row, nicolae_hito_row,
          nicolae_hito_row, nicolae_hito_row, nicolae_hito_row,
          nicolae_hito_row, nicolae_hito_row, nicolae_hito_row,
          nicolae_hito_row, nicolae_hito_row, nicolae_hito_row,
          nicolae_hito_row], layout_small_grid, old_standard_altar,
          nicolae_blasting_shop, lightli_orcish_oven, uniq_prince_ribbit1
D:10:     layout_roguey, mainiacjoe_overflow_alcove_1, dpeg_lair_monsters
Temple:   chequers_temple_sunken

Skill      XL: |  1  2  3  4  5  6  7  8  9 10 11 |
---------------+----------------------------------+-----
Fighting       | 1 2 3 4 |  4.1
Poison Magic   | 4 5 6 7 8 9 10 | 10.1
Conjurations   | 1 2 3 5 6 |  6.6
Air Magic      | 1 2 3 5 6 |  6.6
Spellcasting   | 3 4 5 6 |  6.6
Evocations     | 2 3 |  3.9
Translocations | 3 |  3.6
Staves         | 1 3 4 |  4.4
Invocations    | 1 4 |  4.6
Dodging        | |  2.0
Stealth        | |  2.6
Transmutations | |  1.0

Action                     |  1- 3 |  4- 6 |  7- 9 | 10-12 || total
---------------------------+-------+-------+-------+-------++-------
  Melee: Dagger            |    20 |       |       |       ||    20
         Constrict         |    15 |    18 |    36 |    16 ||    85
         Tentacles         |    12 |    12 |    49 |    23 ||    96
         Short sword       |    49 |    33 |       |       ||    82
         Punch             |     1 |       |     5 |     2 ||     8
         Spear             |       |    13 |       |       ||    13
         Staff             |       |     6 |   192 |   101 ||   299
   Cast: Sting             |     7 |     5 |     3 |       ||    15
         Poisonous Vapours |    22 |    56 |    64 |    18 ||   160
         Mephitic Cloud    |       |     3 |     2 |     6 ||    11
         Olgreb's Toxic Ra |       |     2 |    23 |    22 ||    47
  Evoke: Wand              |       |       |       |    11 ||    11
    Use: Potion            |     1 |       |     4 |     4 ||     9
         Scroll            |       |    11 |     9 |     5 ||    25
   Stab: Sleeping          |     1 |     2 |     1 |     1 ||     5
 Armour: Skin              |    15 |     5 |    10 |     9 ||    39
  Dodge: Dodged            |    41 |    26 |   184 |    87 ||   338

Table legend: (Time is in decaauts)
 A = Elapsed time spent in this place.
 B = Non-inter-level travel time spent in this place.
 C = Inter-level travel time spent in this place.
 D = Time resting spent in this place.
 E = Time spent auto-exploring this place.
 F = Levels seen in this place.
 G = Mean time per level.
                   A        B        C        D        E       F      G
               +--------+--------+--------+--------+--------+-----+--------+
         Total |  13528 |  13081 |    447 |   4490 |   6844 |  11 | 1229.8 |
       Dungeon |  13293 |  12891 |    402 |   4490 |   6661 |  10 | 1329.3 |
        Temple |    234 |    190 |     44 |      0 |    183 |   1 |  234.0 |
               +--------+--------+--------+--------+--------+-----+--------+

Top non-repeatable levels by time:
     D:5: 2660 daAuts
     D:3: 1787 daAuts
     D:8: 1604 daAuts
     D:2: 1556 daAuts
     D:6: 1419 daAuts
     D:9: 1348 daAuts
     D:4: 1056 daAuts
     D:7: 942 daAuts
     D:1: 916 daAuts
  Temple: 234 daAuts
    D:10: 1 daAuts
